 Dungeon Crawl Stone Soup version 0.28-a0-1638-g9123634e07 (webtiles) character file.

Game seed: 2946849236638541437

63 gimp the Magician (level 4, 0/26 HPs)
             Began as a Tengu Wanderer on Jan 26, 2022.
             Succumbed to an adder's poison
             ... on level 2 of the Dungeon.
             The game lasted 00:04:05 (1572 turns).

gimp the Magician (Tengu Wanderer)                  Turns: 1572, Time: 00:04:06

Health: 0/26       AC:  2    Str:  8    XL:     4   Next: 9%
Magic:  10/10      EV: 11    Int: 18    God:
Gold:   93         SH:  0    Dex: 14    Spells: 9/10 levels left

rFire   . . .      SeeInvis .   a - +1 hunting sling
rCold   . . .      Faith    .   (no shield)
rNeg    . . .      Spirit   .   c - +0 robe
rPois   .          Reflect  .   (helmet restricted)
rElec   .          Harm     .   (no cloak)
rCorr   .          Rampage  .   (no gloves)
Will    .....                   (boots unavailable)
Stlth   +.........              (no amulet)
HPRegen 0.08/turn               (no ring)
MPRegen 0.12/turn               (no ring)

@: lethally poisoned (0 -> -4), attractive
A: beak, talons 3
a: no special abilities


You were on level 2 of the Dungeon.
You visited 1 branch of the dungeon, and saw 2 of its levels.

You collected 93 gold pieces.

Inventory:

Hand Weapons
 a - a +1 hunting sling (weapon)
Missiles
 b - 18 sling bullets
 e - 14 stones (quivered ammo)
Armour
 c - a +0 robe (worn)
Jewellery
 g - a ring of fire
Scrolls
 d - 3 scrolls of identify {unknown}
Potions
 h - a potion of attraction


   Skills:
 - Level 2.0 Fighting
 - Level 2.0(2.1) Slings
 - Level 1.0(1.6) Throwing
 + Level 3.5 Spellcasting
 - Level 3.2 Necromancy
 - Level 1.0 Invocations


You had 9 spell levels left.
You knew the following spells:

 Your Spells              Type           Power      Damage    Failure   Level
a - Pain                  Necr           60%        1d7       4%          1

Your spell library contained the following spells:

 Spells                   Type           Power      Damage    Failure   Level
 Animate Skeleton         Necr           30%        N/A       4%          1
 Dispel Undead            Necr           15%        3d10      36%         4
 Frozen Ramparts          Ice            6%         1d2       43%         3
 Ice Form                 Ice/Tmut       3%         N/A       83%         4
 Summon Ice Beast         Ice/Summ       3%         N/A       83%         4


Dungeon Overview and Level Annotations

Branches:
Dungeon (2/15)

Altars:


Innate Abilities, Weirdness & Mutations

You have a beak for a mouth.
You have claws for feet.


Message History

The adder convulses.
The adder seems to slow down.
The adder is heavily wounded.
You feel sick.
You take 2 damage, and have 16/26 hp.
You feel sick.
You take 2 damage, and have 14/26 hp.
You feel sick.
You take 2 damage, and have 12/26 hp.
You feel sick.
You take 1 damage, and have 11/26 hp.
You feel sick. The adder bites you.
* * * LOW HITPOINT WARNING * * *
You take 4 damage, and have 7/26 hp.
You feel sick.
You feel sick.
You take 1 damage, and have 6/26 hp.
You feel sick.
You are no longer poisoned.
You take 1 damage, and have 5/26 hp.
Throw: dart (curare)
Press: ? - help, Q - select action, (/) - cycle Shift-Dir - straight line, f - adder, p - adder
Aim: an adder (40% to hit)
You throw a curare-tipped dart.
The curare-tipped dart closely misses the adder.
It was a potion of attraction.
You feel attractive to monsters. The adder bites you.
* * * LOW HITPOINT WARNING * * *
You are lethally poisoned!
The adder poisons you!
You take 3 damage, and have 2/26 hp.
Okay, then.
Unknown command.
Unknown command.
Fire: 15 stones
Press: ? - help, Q - select action, (/) - cycle Shift-Dir - straight line, f/p - adder
Aim: an adder (44% to hit)
You shoot a stone. The stone hits the adder.
The adder is severely wounded.
You die...

#### #.#
#.#####.#..# #
##.# #.# #..#.#
#####..# #.#
##...#
......######.#
##...#
.##....<..##.###
##..#
<##.#####..#...##
#... ....#
##....(.## #(###
..### #.....S.#
#(# ..#####
#...(.S@# #(#
........
#.......# #(#
###.###.
##.....## # ..#
..(....# # ...
.(....... #
.####..(.....#
......#
##.......#
.####$# ##.....
.#


You could see 2 adders.

Vanquished Creatures
  An adder (D:2)
  3 dart slugs
  4 bats
  5 endoplasms
  A giant cockroach (D:1)
  7 goblins
  6 hobgoblins
  4 jackals (D:1)
  A ball python (D:2)
  4 frilled lizards
  4 kobolds
  2 rats
42 creatures vanquished.

Notes
Turn   | Place    | Note
-------+----------+-------------------------------------------
     0 | D:1      | gimp the Tengu Wanderer began the quest for the Orb.
     0 | D:1      | gimp set off with the following items: a +1 hunting sling,
                  | 19 sling bullets, a +0 robe; and the following spells
                  | available to memorise: Animate Skeleton, Pain, Dispel
                  | Undead
     0 | D:1      | Reached XP level 1. HP: 12/12 MP: 3/3
     2 | D:1      | Learned a level 1 spell: Pain
   201 | D:1      | Reached XP level 2. HP: 17/17 MP: 5/5
   594 | D:1      | Reached XP level 3. HP: 21/21 MP: 7/7
  1048 | D:2      | Found a faded altar of an unknown god.
  1295 | D:2      | Reached XP level 4. HP: 7/26 MP: 8/10
  1572 | D:2      | Succumbed to an adder's poison

Illustrated notes

Levels and vault maps discovered:
D:1:      ebering_hopf_link, layout_rooms
D:2:      kennysheep_the_goblin_king, layout_rooms,
          ebering_ecumenical_altar_abandoned

Skill      XL: |  1  2  3 |
---------------+----------+-----
Spellcasting   | 2 3 |  3.5
Fighting       | |  2.0
Slings         | |  2.0
Throwing       | |  1.0
Necromancy     | |  3.2
Invocations    | |  1.0

Action                   |  1- 3 |  4- 6 || total
-------------------------+-------+-------++-------
 Fire: Hunting sling     |   119 |     9 ||   128
Throw: Dart              |     1 |     2 ||     3
 Cast: Pain              |     7 |       ||     7
  Use: Potion            |       |     1 ||     1
Armor: Robe              |     5 |     1 ||     6
Dodge: Dodged            |    31 |     2 ||    33

Table legend: (Time is in decaauts)
 A = Elapsed time spent in this place.
 B = Non-inter-level travel time spent in this place.
 C = Inter-level travel time spent in this place.
 D = Time resting spent in this place.
 E = Time spent auto-exploring this place.
 F = Levels seen in this place.
 G = Mean time per level.
                   A        B        C        D        E       F      G
               +--------+--------+--------+--------+--------+-----+--------+
         Total |   1585 |   1585 |      0 |     43 |   1233 |   2 |  792.5 |
       Dungeon |   1585 |   1585 |      0 |     43 |   1233 |   2 |  792.5 |
               +--------+--------+--------+--------+--------+-----+--------+

Top non-repeatable levels by time:
     D:1: 1169 daAuts
     D:2: 415 daAuts
